 Dungeon Crawl Stone Soup version 0.26-b1-32-g5d43845318 (webtiles) character file.

Game seed: 13616941170131564135

8 sentinel the Conjurer (level 2, 17/22 HPs)
             Began as a Demonspawn Conjurer on Jan 10, 2021.
             Quit the game on level 1 of the Dungeon.
             The game lasted 00:00:30 (483 turns).

sentinel the Conjurer (Demonspawn Conjurer)          Turns: 483, Time: 00:00:31

Health: 17/22      AC:  3    Str:  7    XL:     2   Next: 0%
Magic:  0/5        EV: 11    Int: 19    God:
Gold:   44         SH:  0    Dex: 11    Spells: 4/5 levels left

rFire    . . .     SeeInvis .   f - +0 dagger
rCold    + . .     Faith    .   (no shield)
rNeg     . . .     Spirit   .   e - +0 leather armour
rPois    .         Reflect  .   (no helmet)
rElec    .         Harm     .   (no cloak)
rCorr    .         Rampage  .   (no gloves)
Will     .....                  (no boots)
Stlth    +.........             (no amulet)
HPRegen  0.07/turn              (no ring)
MPRegen  0.09/turn              (no ring)

@: no status effects
A: cold resistance 1
a: no special abilities


You were on level 1 of the Dungeon.
You visited 1 branch of the dungeon, and saw 1 of its levels.

You collected 44 gold pieces.

Inventory:

Hand Weapons
 f - a +0 dagger (weapon)
Armour
 a - a +0 robe
 e - a +0 leather armour (worn)
Jewellery
 c - an uncursed ring of protection from cold {unknown}
Scrolls
 b - a scroll of identify {unknown}
 d - a scroll of magic mapping {unknown}
Potions
 g - a potion of brilliance {unknown}


   Skills:
 + Level 1.6 Fighting
 - Level 1.7 Dodging
 - Level 1.7 Stealth
 - Level 2.0 Spellcasting
 - Level 4.0 Conjurations


You had 4 spell levels left.
You knew the following spells:

 Your Spells              Type           Power        Failure   Level
a - Magic Dart            Conj           68%          4%          1

Your spell library contained the following spells:

 Spells                   Type           Power        Failure   Level
 Searing Ray              Conj           34%          8%          2
 Dazzling Flash           Conj/Hex       18%          32%         3
 Fulminant Prism          Conj/Hex       4%           73%         4
 Iskenderun's Mystic Bla  Conj/Tloc      9%           73%         4


Dungeon Overview and Level Annotations

Branches:
Dungeon (1/15)

Altars:


Innate Abilities, Weirdness & Mutations

Your flesh is cold resistant. (rC+)


Message History

The magic dart hits the giant cockroach.
The magic dart hits the giant cockroach.
You kill the giant cockroach!
Your Fighting skill increases to level 1!
You don't have enough magic to cast that spell.
You don't have enough magic to cast that spell.
You don't have enough magic to cast that spell.
You don't have enough magic to cast that spell.
Found a stone staircase leading down.
Things that are here:
a +0 dagger; 2 stones; a kobold corpse You see here a giant cockroach corpse.
A rat comes into view.
But you're not safe! But you're not safe! But you're not safe!
But you're not safe! But you're not safe! But you're not safe!
The magic dart hits the rat.
You kill the rat!
You can't see any susceptible monsters within range! (Use Z to cast anyway.)
You can't see any susceptible monsters within range! (Use Z to cast anyway.)
You can't see any susceptible monsters within range! (Use Z to cast anyway.)
You can't see any susceptible monsters within range! (Use Z to cast anyway.)
You can't see any susceptible monsters within range! (Use Z to cast anyway.)
You can't see any susceptible monsters within range! (Use Z to cast anyway.)
Found a leather armour.
d - a scroll labelled WOBIYGE RINOOD
Found 15 poisoned darts and 8 stones.
You see here a leather armour.
Found a robe.
Found a stone staircase leading down.
Found 20 arrows.
You see here 20 arrows.
You see here 20 arrows.
A goblin comes into view. It is wielding a +0 club.
But you're not safe! But you're not safe!
The magic dart hits the goblin.
You kill the goblin!
You can't see any susceptible monsters within range! (Use Z to cast anyway.)
You can't see any susceptible monsters within range! (Use Z to cast anyway.)
You can't see any susceptible monsters within range! (Use Z to cast anyway.) Search for what [? for help]?
Okay, then.
Search for what [? for help]? body You see here a robe.
You see here a leather armour.
e - a leather armour
There is a stone staircase leading down here.
You see here a giant cockroach corpse.
Things that are here:
a +0 dagger; 2 stones; a kobold corpse
f - a +0 dagger (weapon)
You start removing your armour.
You continue taking off your +0 robe. x4
You finish taking off your +0 robe.
You start putting on your armour.
You continue putting on your leather armour. x5
You finish putting on your +0 leather armour.
You enter the shallow water.
Moving in this stuff is going to be slow.
g - a viscous black potion A goblin comes into view.
It is wielding a +0 club.
But you're not safe! But you're not safe! But you're not safe!
But you're not safe! But you're not safe! But you're not safe!
But you're not safe! But you're not safe! But you're not safe!
The magic dart hits the goblin.
The goblin shouts!
The goblin hits you with a +0 club.
The magic dart hits the goblin.
You kill the goblin!
You can't see any susceptible monsters within range! (Use Z to cast anyway.)
You can't see any susceptible monsters within range! (Use Z to cast anyway.)
You can't see any susceptible monsters within range! (Use Z to cast anyway.)
You can't see any susceptible monsters within range! (Use Z to cast anyway.)
You can't see any susceptible monsters within range! (Use Z to cast anyway.)
Things that are here:
a +0 club; a goblin corpse You now have 26 gold pieces (gained 9).
You see here 8 stones.
You see here a chain mail.
You see here a chain mail.
You see here a chain mail.
You see here a chain mail.
You enter the shallow water.
Moving in this stuff is going to be slow.
There is a stone staircase leading down here.
You now have 44 gold pieces (gained 18).
Things that are here:
a +0 club; a goblin skeleton A jackal comes into view.
But you're not safe! But you're not safe! But you're not safe!
But you're not safe! But you're not safe! But you're not safe!
The magic dart hits the jackal.
The jackal barks!
You miscast Magic Dart.
You are very lightly contaminated with residual magic.
Nothing appears to happen.
The magic dart hits the jackal but does no damage.
You don't have enough magic to cast that spell.
You don't have enough magic to cast that spell.
You don't have enough magic to cast that spell.
You don't have enough magic to cast that spell.
You don't have enough magic to cast that spell.
But you're not safe! But you're not safe! But you're not safe!
But you're not safe! But you're not safe! But you're not safe!
But you're not safe! But you're not safe! But you're not safe!
A jackal comes into view.
The jackal barks!
The jackal barely misses you.
You closely miss the jackal.
A jackal comes into view.
The jackal bites you but does no damage.
The jackal moves out of view.
You hit the jackal. The jackal barely misses you.
The jackal barks!
You hit the jackal but do no damage. The jackal barely misses you.
The jackal closely misses you.
You hit the jackal but do no damage. The jackal completely misses you.
The jackal closely misses you.
You barely miss the jackal. The jackal bites you.
The jackal closely misses you. The jackal barely misses you.
Your magical contamination has completely faded away.
You hit the jackal but do no damage. The jackal closely misses you.
The jackal bites you. The jackal barely misses you.
You hit the jackal.
You kill the jackal!
The jackal closely misses you.
The jackal bites you but does no damage.
You have reached level 2!
Your demonic ancestry asserts itself...
You feel resistant to cold.
Okay, then.

#.# #.#
####################..
#............#........
#............#.#######
#.....?........# #
###............### #
......h........# #
.......@.......# #
......h........# #
..........)....# #
...............#
...............#
....###+#.###### ....
#.# ### #.# #.#


You could see 2 jackals.

Vanquished Creatures
  A giant cockroach (D:1)
  2 goblins (D:1)
  A jackal (D:1)
  A kobold (D:1)
  A frilled lizard (D:1)
  A rat (D:1)
7 creatures vanquished.

Notes
Turn   | Place    | Note
-------+----------+-------------------------------------------
     0 | D:1      | sentinel the Demonspawn Conjurer began the quest for the
                  | Orb.
     0 | D:1      | Reached XP level 1. HP: 13/13 MP: 3/3
    34 | D:1      | Reached skill level 1 in Fighting
   483 | D:1      | Gained mutation: Your flesh is cold resistant. (rC+)
                  | [demonic ancestry]
   483 | D:1      | Reached XP level 2. HP: 17/22 MP: 0/5
   483 | D:1      | Quit the game

Illustrated notes

Levels and vault maps discovered:
D:1:      dpeg_arrival_pond, layout_basic, chequers_big_river,
          minmay_misc_feat_five

Skill      XL: |  1 |
---------------+----+-----
Fighting       | 1 |  1.6
Dodging        | |  1.7
Stealth        | |  1.7
Spellcasting   | |  2.0
Conjurations   | |  4.0

Action                   || total
-------------------------++-------
Melee: Dagger            ||     7
 Cast: Magic Dart        ||    10
Armor: Leather armour    ||     2
Dodge: Dodged            ||    11
